Map: Odyssey LE

Players

Juxtapose - Winner!

  • Race: Zerg Zerg
  • League: Gold
  • Spawn Location: 11:00

Travis

  • Race: Zerg Zerg
  • League: Gold
  • Spawn Location: 5:00

VOD

https://youtu.be/-k-K-YyCP9M

Description

My opponent was greedy with an early third, which made him more susceptible to early Roach pressure. I _almost_ took down that Hatchery as well, but since he didn't Transfuse it it fell easy later.

Overall though, my opponent played, and held on, very well.

Time

  • Played on: Dec. 25, 2017, 11:16 a.m.
  • Length: 11:14
Show
View Real Time Build Order
Export as new Build Order

Juxtapose Zerg - Winner!

Build Orders: Hatch First 

Get SALT Encoding   

  12  0:01  Drone  
  13  0:08  Drone  
  14  0:17  Overlord  
  14  0:35  Drone x2  
  16  0:52  Hatchery  
  16  0:53  Drone  
  16  1:03  Extractor  
  15  1:05  Drone  
  16  1:16  Spawning Pool  
  16  1:17  Drone  
  16  1:24  Overlord  
  16  1:30  Drone  
  16  1:32  Drone  
  18  1:40  Drone  
  19  1:53  Drone  
  20  2:03  Queen  
  20  2:04  Queen  
  20  2:07  Drone  
  25  2:10  Zergling x2  
  26  2:24  Zergling x2  
  26  2:25  Zergling x2  
  26  2:28  Drone x2  
  30  2:36  Spine Crawler  
  29  2:38  Drone  
  29  2:40  Zergling x2  
  31  2:45  Roach Warren  
  31  2:50  Drone  
  31  2:52  Drone  
  31  2:57  Extractor  
  31  3:01  Spine Crawler  
  31  3:02  Drone  
  31  3:04  Drone  
  32  3:13  Queen  
  35  3:27  Drone x2  
  35  3:28  Overlord  
  36  3:40  Overlord  
  36  3:50  Roach x4  
  44  3:56  Extractor  
  44  3:59  Extractor  
  42  4:21  Drone x6  
  42  4:22  Overlord  
  42  4:23  Roach x2  
  52  4:29  Overlord  
  52  4:38  Evolution Chamber  
  53  4:45  Roach  
  53  4:46  Roach x3  
  59  4:57  Lair  
  59  5:11  Roach x4  
  59  5:12  Overlord  
  67  5:17  Zerg Missile Weapons Level 1  
  67  5:32  Drone x3  
  67  5:33  Drone x4  
  74  5:46  Drone x2  
  74  5:47  Overlord  
  75  6:08  Roach x4  
  66  6:23  Roach  
  66  6:24  Roach x4  
  62  6:37  Hydralisk Den  
  61  6:41  Queen  
  63  6:53  Roach x3  
  63  6:54  Roach x2  
  73  7:27  Hydralisk x4  
  73  7:28  Hydralisk  
  83  7:31  Muscular Augments  
  83  7:34  Overlord x5  
  83  7:36  Glial Reconstitution  
  83  7:46  Drone  
  83  7:48  Overlord  
  84  7:56  Hydralisk x3  
  84  7:57  Hatchery  
  89  8:01  Hydralisk  
  91  8:09  Zerg Ground Armor Level 1  
  91  8:20  Hydralisk x2  
  95  8:39  Overseer  
  95  8:45  Hydralisk x4  
  95  8:46  Hydralisk x2  
  101  9:11  Roach x6, Hydralisk  
  113  9:18  Drone  
  113  9:19  Drone x3  
  117  9:35  Hydralisk x4  
  125  9:48  Spine Crawler  
  125  9:49  Drone x2  
  125  9:50  Drone  
  127  9:55  Hydralisk x2  
  127  9:56  Hydralisk  
  133  10:35  Roach x4, Hydralisk x3  
  117  10:36  Roach x2, Hydralisk x3  
  125  10:50  Roach  
  125  10:51  Roach x4  
Show
View Real Time Build Order
Export as new Build Order

Travis Zerg 

Build Orders: Hatch First 

Get SALT Encoding   

  12  0:04  Drone  
  13  0:13  Overlord  
  13  0:18  Drone  
  14  0:31  Drone x2  
  16  0:37  Drone  
  17  0:53  Hatchery  
  17  0:56  Drone  
  17  0:59  Drone  
  18  1:09  Drone  
  19  1:11  Extractor  
  19  1:18  Spawning Pool  
  17  1:21  Drone  
  18  1:31  Drone  
  19  1:41  Drone  
  20  2:05  Queen  
  20  2:07  Zergling x6  
  25  2:08  Queen  
  27  2:17  Metabolic Boost  
  27  2:18  Extractor  
  27  2:20  Drone  
  27  2:25  Drone  
  27  2:29  Overlord  
  28  2:34  Overlord  
  28  2:46  Queen  
  30  2:52  Drone x3  
  30  2:53  Drone  
  30  2:56  Drone  
  35  3:02  Drone  
  36  3:07  Drone  
  37  3:19  Hatchery  
  36  3:27  Queen  
  36  3:30  Drone x2  
  40  3:39  Pneumatized Carapace  
  40  3:44  Drone x2  
  40  3:45  Drone x2  
  44  3:49  Overlord  
  44  3:53  Overlord  
  44  4:06  Baneling Nest  
  44  4:07  Zergling x2  
  44  4:08  Zergling x6  
  44  4:09  Zergling x2  
  49  4:17  Zergling x8  
  49  4:22  Drone  
  49  4:23  Drone  
  54  4:28  Drone  
  55  4:48  Drone x3  
  55  4:49  Drone x5  
  63  4:53  Lair  
  63  4:55  Overlord x2  
  63  5:07  Baneling x6  
  63  5:08  Baneling x3  
  63  5:13  Queen  
  65  5:16  Extractor  
  65  5:17  Drone x2  
  65  5:18  Drone x4  
  70  5:38  Zergling x2  
  70  5:39  Zergling x6  
  70  5:41  Overlord  
  70  5:42  Overlord x4  
  74  5:52  Evolution Chamber  
  74  5:56  Evolution Chamber  
  72  6:01  Hydralisk Den, Zergling x2  
  72  6:02  Zergling x16  
  66  6:18  Zergling x2  
  66  6:19  Zergling x8  
  66  6:34  Zerg Ground Armor Level 1  
  66  6:36  Zerg Melee Weapons Level 1  
  66  6:40  Drone  
  66  6:41  Hydralisk Den  
  66  6:42  Drone x4  
  66  6:43  Drone x4  
  74  6:52  Queen, Extractor  
  75  6:59  Baneling x2  
  74  7:08  Drone x4  
  74  7:09  Drone x3  
  74  7:38  Extractor  
  74  7:41  Hatchery  
  74  7:43  Hydralisk  
  72  7:44  Hydralisk x8  
  72  7:45  Hydralisk x2  
  94  7:55  Muscular Augments  
  94  7:57  Hydralisk  
  94  7:58  Hydralisk x2  
  96  8:02  Zergling x2  
  101  8:17  Drone  
  102  8:48  Zergling x2  
  103  8:49  Zergling x22  
  103  8:55  Overlord x3  
  114  8:56  Overlord x2  
  96  9:13  Hydralisk x6  
  96  9:14  Hydralisk x6  
  104  9:41  Baneling  
  104  9:42  Baneling x15  
  104  9:43  Baneling  
  104  9:58  Zergling x2  
  104  9:59  Zergling x26  
  120  10:00  Zergling x4  
  120  10:05  Infestation Pit  
  76  10:40  Zergling x2  
  76  10:41  Zergling x12  
Tags
 
League
GoldGold
Matchup
ZvZ
Race
Zerg
Spawn Locations
Cross Positions
Add a new tag
Caveats
  • Supply blocks, unpowered buildings, or Contaminate may cause inaccurate times.
  • Supply counts are checked every 10 seconds.